TOP OF THE 1ST |
Minnesota Death Stars batting - Pitching for Plumstead Eagles : RHP Rich Townsley
|
Pitching: RHP Rich Townsley
|
|
Batting: RHB Manny Clemente
|
0-0: Called Strike 0-1: Ball 1-1: Ball 2-1: Ball 3-1: Called Strike 3-2: Base on Balls
|
Batting: RHB Peter Dixon
|
0-0: Ball 1-0: Foul Ball, location: 2F 1-1: Ball 2-1: Called Strike 2-2: Fly out, F4 (Popup, 4)
|
Batting: LHB Chris Loudermilk
|
0-0: Ball 1-0: Swinging Strike 1-1: Ball 2-1: Ball 3-1: Base on Balls Manny Clemente to second
|
Batting: RHB Herb Ashley
|
0-0: Grounds into double play, 5-4-3 (Groundball, 56)
|
Top of the 1st over - 0 run(s), 0 hit(s), 0 error(s), 1 left on base; Minnesota 0 - Plumstead 0 |
BOTTOM OF THE 1ST |
Plumstead Eagles batting - Pitching for Minnesota Death Stars : LHP Keith Jennings
|
Pitching: LHP Keith Jennings
|
|
Batting: LHB Shane Lynch
|
0-0: Ground out 6-3 (Groundball, 6M)
|
Batting: RHB Tim Davis
|
0-0: Ball 1-0: Called Strike 1-1: Bunt for hit - play at first, batter safe!
|
Batting: SHB Oliver Deleón
|
0-0: Ball 1-0: Called Strike 1-1: Ball 2-1: Foul Ball, location: 2F 2-2: Ball 3-2: Ground out 5-3 (Groundball, 56) Tim Davis to second
|
Batting: RHB Germano Labrego
|
0-0: Foul Ball, location: 2F 0-1: Ground out 6-3 (Groundball, 6M)
|
Bottom of the 1st over - 0 run(s), 1 hit(s), 0 error(s), 1 left on base; Minnesota 0 - Plumstead 0 |
TOP OF THE 2ND |
Minnesota Death Stars batting - Pitching for Plumstead Eagles : RHP Rich Townsley
|
Batting: RHB Jorge Martínez
|
0-0: Ground out 4-3 (Groundball, 4)
|
Batting: RHB John Brown
|
0-0: Ball 1-0: Ball 2-0: Swinging Strike 2-1: Ground out 6-3 (Groundball, 6)
|
Batting: RHB Soetsu Kaneko
|
0-0: Ball 1-0: Ball 2-0: Called Strike 2-1: Called Strike 2-2: Foul Ball, location: 2F 2-2: Ball 3-2: Foul Ball, location: 2F 3-2: Foul Ball, location: 2F 3-2: Base on Balls
|
Batting: RHB Chet Decker
|
0-0: Ball 1-0: SINGLE (Groundball, 6M) Soetsu Kaneko to second Runner from 2nd tries for 3rd, SAFE, no throw or cutoff
|
Batting: RHB Pedro Rosado
|
0-0: Called Strike 0-1: Ball 1-1: Called Strike 1-2: Foul Ball, location: 2F 1-2: Ball 2-2: Fly out, F9 (Flyball, 89M)
|
Top of the 2nd over - 0 run(s), 1 hit(s), 0 error(s), 2 left on base; Minnesota 0 - Plumstead 0 |
BOTTOM OF THE 2ND |
Plumstead Eagles batting - Pitching for Minnesota Death Stars : LHP Keith Jennings
|
Batting: LHB Dave Pitts
|
0-0: Ball 1-0: Called Strike 1-1: Ball 2-1: Fly out, F9 (Flyball, 9M)
|
Batting: RHB Wyatt McKinnon
|
0-0: Ball 1-0: Ball 2-0: Called Strike 2-1: Ball 3-1: Bunt missed! 3-2: Strikes out looking
|
Batting: SHB Nate Rhodes
|
0-0: Ball 1-0: Foul Ball, location: 2F 1-1: Foul Ball, location: 2F 1-2: Foul Ball, location: 2F 1-2: Ball 2-2: Ball 3-2: SINGLE (Line Drive, 3)
|
Batting: RHB Juan Magdayao
|
0-0: Ball 1-0: SINGLE (Line Drive, 8LS) Nate Rhodes to second Runner from 2nd tries for 3rd, SAFE, no throw or cutoff
|
Batting: RHB Louis Smith
|
0-0: Called Strike 0-1: Foul Ball, location: 2F 0-2: Foul Ball, location: 2F 0-2: SINGLE (Groundball, 6MD) Nate Rhodes scores Juan Magdayao to second Runner from 2nd tries for 3rd, SAFE, no throw or cutoff
|
Batting: LHB Shane Lynch
|
0-0: Ball 1-0: Ground out 2-3 (Groundball, 15S)
|
Bottom of the 2nd over - 1 run(s), 3 hit(s), 0 error(s), 2 left on base; Minnesota 0 - Plumstead 1 |
TOP OF THE 3RD |
Minnesota Death Stars batting - Pitching for Plumstead Eagles : RHP Rich Townsley
|
Batting: RHB Manny Clemente
|
0-0: Fly out, F9 (Flyball, 9LMF)
|
Batting: RHB Peter Dixon
|
0-0: Ball 1-0: Ball 2-0: Foul Ball, location: 2F 2-1: Foul Ball, location: 2F 2-2: Ground out 5-3 (Groundball, 5L)
|
Batting: LHB Chris Loudermilk
|
0-0: Called Strike 0-1: Ball 1-1: Ball 2-1: Foul Ball, location: 2F 2-2: Foul Ball, location: 2F 2-2: Strikes out looking
|
Top of the 3rd over - 0 run(s), 0 hit(s), 0 error(s), 0 left on base; Minnesota 0 - Plumstead 1 |
BOTTOM OF THE 3RD |
Plumstead Eagles batting - Pitching for Minnesota Death Stars : LHP Keith Jennings
|
Batting: RHB Tim Davis
|
0-0: Bunted foul 0-1: Swinging Strike 0-2: SINGLE (Flyball, 7S)
|
Batting: SHB Oliver Deleón
|
0-0: Ball 1-0: Ball 2-0: Ground out 4-3 (Groundball, 4MS) Tim Davis to second
|
Batting: RHB Germano Labrego
|
0-0: Called Strike 0-1: Foul Ball, location: 2F 0-2: Ground out 5-3 (Groundball, 5)
|
Batting: LHB Dave Pitts
|
0-0: Ball 1-0: Ground out 4-3 (Groundball, 34)
|
Bottom of the 3rd over - 0 run(s), 1 hit(s), 0 error(s), 1 left on base; Minnesota 0 - Plumstead 1 |
TOP OF THE 4TH |
Minnesota Death Stars batting - Pitching for Plumstead Eagles : RHP Rich Townsley
|
Batting: RHB Herb Ashley
|
0-0: Ball 1-0: Swinging Strike 1-1: Foul Ball, location: 2F 1-2: Strikes out swinging
|
Batting: RHB Jorge Martínez
|
0-0: Called Strike 0-1: Foul Ball, location: 2F 0-2: Foul Ball, location: 2F 0-2: Ball 1-2: Strikes out swinging, 2-3 out at first.
|
Batting: RHB John Brown
|
0-0: Foul Ball, location: 2F 0-1: Bunted foul 0-2: Ball 1-2: Strikes out swinging
|
Top of the 4th over - 0 run(s), 0 hit(s), 0 error(s), 0 left on base; Minnesota 0 - Plumstead 1 |
BOTTOM OF THE 4TH |
Plumstead Eagles batting - Pitching for Minnesota Death Stars : LHP Keith Jennings
|
Batting: RHB Wyatt McKinnon
|
0-0: Ball 1-0: Ball 2-0: Ball 3-0: Called Strike 3-1: Base on Balls
|
Batting: SHB Nate Rhodes
|
0-0: Ball 1-0: Ball Wild Pitch! Wyatt McKinnon to second 2-0: Foul Ball, location: 2F 2-1: Ball 3-1: Foul Ball, location: 2F 3-2: Strikes out swinging
|
Batting: RHB Juan Magdayao
|
0-0: Ground out 6-3 (Groundball, 6) Wyatt McKinnon to third
|
Batting: RHB Louis Smith
|
0-0: Ball 1-0: Fly out, F9 (Flyball, 9D)
|
Bottom of the 4th over - 0 run(s), 0 hit(s), 0 error(s), 1 left on base; Minnesota 0 - Plumstead 1 |
TOP OF THE 5TH |
Minnesota Death Stars batting - Pitching for Plumstead Eagles : RHP Rich Townsley
|
Batting: RHB Soetsu Kaneko
|
0-0: Ball 1-0: Fly out, F3 (Line Drive, 34S)
|
Batting: RHB Chet Decker
|
0-0: Called Strike 0-1: Ball 1-1: Ball 2-1: Foul Ball, location: 2F 2-2: Strikes out swinging
|
Batting: RHB Pedro Rosado
|
0-0: Called Strike 0-1: Called Strike 0-2: Strikes out looking
|
Top of the 5th over - 0 run(s), 0 hit(s), 0 error(s), 0 left on base; Minnesota 0 - Plumstead 1 |
BOTTOM OF THE 5TH |
Plumstead Eagles batting - Pitching for Minnesota Death Stars : LHP Keith Jennings
|
Batting: LHB Shane Lynch
|
0-0: Ball 1-0: Ground out 4-3 (Groundball, 4)
|
Batting: RHB Tim Davis
|
0-0: Ball 1-0: Swinging Strike 1-1: Ball 2-1: Ball 3-1: Base on Balls
|
Batting: SHB Oliver Deleón
|
0-0: Called Strike 0-1: Ball 1-1: Ball 2-1: Ball Tim Davis steals 2nd base 3-1: Intentional Walk
|
Batting: RHB Germano Labrego
|
0-0: Ball 1-0: Called Strike 1-1: Ball 2-1: Ball 3-1: Called Strike 3-2: Base on Balls Tim Davis to third Oliver Deleón to second
|
Batting: LHB Dave Pitts
|
0-0: Ball 1-0: Ball 2-0: Ball 3-0: Base on Balls Tim Davis scores Oliver Deleón to third Germano Labrego to second
|
Pitching: RHP Brian Smith
|
|
Batting: RHB Wyatt McKinnon
|
0-0: Called Strike 0-1: Grounds into fielders choice 1-2 (Groundball, 15) Germano Labrego to third Dave Pitts to second
|
Batting: SHB Nate Rhodes
|
0-0: Swinging Strike 0-1: Foul Ball, location: 2F 0-2: Ball 1-2: SINGLE (Line Drive, 4D) Germano Labrego scores Dave Pitts to third Wyatt McKinnon to second Runner from 3rd tries for Home, SAFE, no throw or cutoff
|
Batting: RHB Juan Magdayao
|
0-0: Ball 1-0: Foul Ball, location: 2F 1-1: Ball 2-1: Foul Ball, location: 2F 2-2: Ball 3-2: SINGLE (Groundball, 56D) Wyatt McKinnon to third Nate Rhodes to second Wyatt McKinnon scores Nate Rhodes to third
|
Batting: RHB Louis Smith
|
0-0: Ball 1-0: Ball 2-0: Ball 3-0: Called Strike 3-1: Called Strike 3-2: Base on Balls Juan Magdayao to second
|
Batting: LHB Shane Lynch
|
0-0: Ball 1-0: Ball 2-0: Called Strike 2-1: Foul Ball, location: 2F 2-2: Strikes out swinging
|
Bottom of the 5th over - 4 run(s), 2 hit(s), 0 error(s), 3 left on base; Minnesota 0 - Plumstead 5 |
TOP OF THE 6TH |
Minnesota Death Stars batting - Pitching for Plumstead Eagles : RHP Rich Townsley
|
Batting: RHB Manny Clemente
|
0-0: Ball 1-0: Called Strike 1-1: Ball 2-1: Swinging Strike 2-2: Ground out 5-3 (Groundball, 56S)
|
Batting: RHB Peter Dixon
|
0-0: Called Strike 0-1: Swinging Strike 0-2: Ball 1-2: Ball 2-2: Strikes out swinging
|
Batting: LHB Chris Loudermilk
|
0-0: Foul Ball, location: 2F 0-1: Ball 1-1: Ball 2-1: Foul Ball, location: 2F 2-2: DOUBLE (Line Drive, 3D)
|
Pitching: LHP Dave Watkins
|
|
Batting: RHB Herb Ashley
|
0-0: Ball 1-0: Swinging Strike 1-1: Called Strike 1-2: Foul Ball, location: 2F 1-2: Ball 2-2: Strikes out swinging
|
Top of the 6th over - 0 run(s), 1 hit(s), 0 error(s), 1 left on base; Minnesota 0 - Plumstead 5 |
BOTTOM OF THE 6TH |
Plumstead Eagles batting - Pitching for Minnesota Death Stars : RHP Brian Smith
|
Batting: RHB Tim Davis
|
0-0: Foul Ball, location: 2F 0-1: Foul Ball, location: 2F 0-2: Strikes out swinging
|
Batting: SHB Oliver Deleón
|
0-0: Foul Ball, location: 2F 0-1: Ground out 4-3 (Groundball, 34)
|
Batting: RHB Germano Labrego
|
0-0: Ball 1-0: Called Strike 1-1: Foul Ball, location: 2F 1-2: Strikes out swinging
|
Bottom of the 6th over - 0 run(s), 0 hit(s), 0 error(s), 0 left on base; Minnesota 0 - Plumstead 5 |
TOP OF THE 7TH |
Minnesota Death Stars batting - Pitching for Plumstead Eagles : LHP Dave Watkins
|
Batting: RHB Jorge Martínez
|
0-0: Ball 1-0: Called Strike 1-1: Foul Ball, location: 2F 1-2: Foul Ball, location: 2F 1-2: Strikes out swinging
|
Batting: RHB John Brown
|
0-0: Ball 1-0: Called Strike 1-1: Foul Ball, location: 2F 1-2: Ball 2-2: Strikes out swinging
|
Batting: RHB Soetsu Kaneko
|
0-0: Called Strike 0-1: Foul Ball, location: 2F 0-2: Ball 1-2: Foul Ball, location: 2F 1-2: DOUBLE (Line Drive, 7D)
|
Batting: RHB Chet Decker
|
0-0: Ball 1-0: Called Strike 1-1: Foul Ball, location: 2F 1-2: SINGLE (Flyball, 8RS) Soetsu Kaneko to third
|
Batting: RHB Pedro Rosado
|
0-0: Ball 1-0: Foul Ball, location: 2F 1-1: Ground out 4-3 (Groundball, 4)
|
Top of the 7th over - 0 run(s), 2 hit(s), 0 error(s), 2 left on base; Minnesota 0 - Plumstead 5 |
BOTTOM OF THE 7TH |
Plumstead Eagles batting - Pitching for Minnesota Death Stars : RHP Brian Smith
|
Batting: LHB Dave Pitts
|
0-0: Ball 1-0: Foul Ball, location: 2F 1-1: SINGLE (Groundball, 6M) (infield hit)
|
Batting: RHB Wyatt McKinnon
|
0-0: Bunt missed! 0-1: Ball 1-1: Sac Bunt - play at first, batter OUT! 1-4 Dave Pitts to second
|
Pitching: RHP Travis Whitney
|
|
Batting: SHB Nate Rhodes
|
0-0: Called Strike 0-1: Foul Ball, location: 2F 0-2: DOUBLE (Line Drive, 7LM) Dave Pitts scores
|
Batting: RHB Juan Magdayao
|
0-0: SINGLE (Groundball, 56D) Nate Rhodes to third Throwing error, E7 Nate Rhodes scores Juan Magdayao to second
|
Batting: RHB Louis Smith
|
0-0: Called Strike 0-1: Ball 1-1: Fly out, F7 (Flyball, 7D) Runner from 2nd tags up, SAFE at 3rd, no throw
|
Batting: LHB Shane Lynch
|
0-0: Fly out, F8 (Flyball, 8RD)
|
Bottom of the 7th over - 2 run(s), 3 hit(s), 1 error(s), 1 left on base; Minnesota 0 - Plumstead 7 |
TOP OF THE 8TH |
Minnesota Death Stars batting - Pitching for Plumstead Eagles : LHP Dave Watkins
|
Batting: RHB Manny Clemente
|
0-0: Foul Ball, location: 2F 0-1: Foul Ball, location: 2F 0-2: Strikes out swinging
|
Batting: RHB Peter Dixon
|
0-0: Ball 1-0: Ball 2-0: Ball 3-0: Called Strike 3-1: Base on Balls
|
Pitching: RHP Luis Silva
|
|
Batting: LHB Chris Loudermilk
|
0-0: Called Strike 0-1: Fly out, F7 (Flyball, 78M)
|
Batting: RHB Herb Ashley
|
0-0: Ball 1-0: Ball 2-0: Foul Ball, location: 2F 2-1: Ball 3-1: Swinging Strike 3-2: Strikes out swinging
|
Top of the 8th over - 0 run(s), 0 hit(s), 0 error(s), 1 left on base; Minnesota 0 - Plumstead 7 |
BOTTOM OF THE 8TH |
Plumstead Eagles batting - Pitching for Minnesota Death Stars : RHP Travis Whitney
|
Batting: RHB Tim Davis
|
0-0: Ball 1-0: Foul Ball, location: 2F 1-1: Foul Ball, location: 2F 1-2: SINGLE (Flyball, 8LS)
|
Batting: SHB Oliver Deleón
|
0-0: Grounds into double play, 1-4-3 (Groundball, 15)
|
Batting: RHB Germano Labrego
|
0-0: Ground out 6-3 (Groundball, 6)
|
Bottom of the 8th over - 0 run(s), 1 hit(s), 0 error(s), 0 left on base; Minnesota 0 - Plumstead 7 |
TOP OF THE 9TH |
Minnesota Death Stars batting - Pitching for Plumstead Eagles : RHP Luis Silva
|
Now at SS: Pablo Villarreal
|
|
Batting: RHB Jorge Martínez
|
0-0: Ball 1-0: Ball 2-0: Ball 3-0: Called Strike 3-1: Called Strike 3-2: Fly out, F8 (Flyball, 89M)
|
Batting: RHB John Brown
|
0-0: Foul Ball, location: 2F 0-1: Ball 1-1: SINGLE (Line Drive, 8LS)
|
Batting: RHB Soetsu Kaneko
|
0-0: Ball 1-0: Ball 2-0: DOUBLE (Line Drive, 7LD) John Brown to third
|
Batting: RHB Chet Decker
|
0-0: Ball 1-0: SINGLE (Line Drive, 9S) John Brown scores Soetsu Kaneko to third
|
Batting: RHB Pedro Rosado
|
0-0: Ball 1-0: Ground out 5-3 (Groundball, 56S) Soetsu Kaneko scores Chet Decker to second
|
Batting: RHB Manny Clemente
|
0-0: Ball 1-0: Called Strike 1-1: Ball 2-1: Foul Ball, location: 2F 2-2: Fly out, F3 (Popup, 13)
|
Top of the 9th over - 2 run(s), 3 hit(s), 0 error(s), 1 left on base; Minnesota 2 - Plumstead 7 |
|